 Dungeon Crawl Stone Soup version 0.26-a0-778-g3fe0686644 (webtiles) character file.

Game seed: 10705435849277281786

119 lunkers the Digger (level 5, -1/31 HPs)
             Began as an Octopode Earth Elementalist on Nov 10, 2020.
             Slain by a sky beast (5 damage)
             ... on level 2 of the Dungeon.
             The game lasted 00:01:21 (1455 turns).

lunkers the Digger (Octopode Earth Elementalist)    Turns: 1455, Time: 00:01:22

Health: -1/31      AC:  1    Str:  7    XL:     5   Next: 3%
Magic:  5/9        EV: 13    Int: 18    God:
Gold:   54         SH:  0    Dex: 13    Spells: 9/10 levels left

rFire    . . .     SeeInvis .   (no weapon)
rCold    . . .     Faith    .   (no shield)
rNeg     . . .     Spirit   .   (helmet restricted)
rPois    .         Reflect  .   (no amulet)
rElec    .         Harm     .   (no ring)
rCorr    .         Rampage  .   (no ring)
MR       .....                  (no ring)
Stlth    +++.......             (no ring)
HPRegen  0.10/turn              (no ring)
MPRegen  0.11/turn              (no ring)
                                (no ring)
                                (no ring)

@: no status effects
A: almost no armour, stealthy swim, amphibious, 8 rings, constrict 8, camouflage
1, gelatinous body 1
a: no special abilities


You were on level 2 of the Dungeon.
You visited 1 branch of the dungeon, and saw 2 of its levels.

You collected 54 gold pieces.

Inventory:

Missiles
 b - 10 stones (quivered)
Jewellery
 i - a +4 ring of evasion {unknown}
Scrolls
 c - 5 scrolls of random uselessness {unknown}
 f - 4 scrolls of teleportation {unknown}
 g - a scroll of remove curse {unknown}
Potions
 a - 2 potions of heal wounds {unknown}
 d - a potion of ambrosia {unknown}
 e - a potion of lignification {unknown}
 h - 2 potions of resistance {unknown}
 j - a potion of haste {unknown}
 k - a potion of might {unknown}
 l - a potion of cancellation {unknown}


   Skills:
 - Level 2.0 Dodging
 - Level 2.6 Stealth
 + Level 3.1 Spellcasting
   Level 1.0 Transmutations
 * Level 4.8 Earth Magic


You had 9 spell levels left.
You knew the following spells:

 Your Spells              Type           Power        Failure   Level
a - Sandblast             Erth           ###...       2%          1

Your spell library contained the following spells:

 Spells                   Type           Power        Failure   Level
 Passwall                 Tmut/Erth      ##......     8%          2
 Stone Arrow              Conj/Erth      ##....       19%         3
 Petrify                  Tmut/Erth      ##......     43%         4
 Lee's Rapid Deconstruct  Erth           ###.......   52%         5


Dungeon Overview and Level Annotations

Branches:
Dungeon (2/15)

Altars:


Innate Abilities, Weirdness & Mutations

You cannot wear most types of armour.
You are very stealthy in the water. (Stealth+)
You are amphibious.
You can wear up to eight rings at the same time.
You can use your tentacles to constrict eight enemies at once.
Your skin changes colour to match your surroundings (Stealth+).
Your rubbery body absorbs attacks. (AC +1, EV +1)


Message History

The blast of sand misses the sky beast.
b - 11 stones The sky beast hits you.
* * * LOW HITPOINT WARNING * * *
The sky beast shocks you.
* * * LOW HITPOINT WARNING * * *
Casting: Sandblast (safe; 2% risk of failure)
Confirm with . or Enter, or press ? or * to list all spells.
Aiming: Sandblast (safe; 2% risk of failure)
Press: ? - help, Shift-Dir - straight line, f/p - sky beast
Aim: a sky beast (moderately wounded)
The blast of sand hits the sky beast!
The sky beast is severely wounded.
b - 10 stones The sky beast flickers out of sight!
Deactivating autopickup; reactivate with Ctrl-A.
Something hits you.
* * * LOW HITPOINT WARNING * * *
Something shocks you.
You die...

#.# #..# #.# ###..##
#.# #.....#
#.#####.....#
#######...........#
.........####.....#
#######.## #.[...#
#..# ###.### #@##
#.# # #{# #.#
.[.###### #.# #.#
........####.# #.#
.......)....)## #.#
#...#######...# #.#
# #.⌠. ##).# #.#
##.....##).# #.#
#.......#..#######.#


There were no monsters in sight!

Vanquished Creatures
  3 orc priests (D:2)
  An adder (D:2)
  3 orcs (D:2)
  A giant cockroach (D:1)
  2 goblins (D:2)
  3 hobgoblins
  A bat (D:1)
  A kobold (D:1)
  9 rats
24 creatures vanquished.

Notes
Turn   | Place    | Note
-------+----------+-------------------------------------------
     0 | D:1      | lunkers the Octopode Earth Elementalist began the quest for
                  | the Orb.
     0 | D:1      | Reached XP level 1. HP: 11/11 MP: 3/3
   483 | D:1      | Reached XP level 2. HP: 17/17 MP: 3/5
  1109 | D:2      | Reached XP level 3. HP: 21/21 MP: 1/6
  1154 | D:2      | Reached skill level 4 in Earth Magic
  1242 | D:2      | Reached XP level 4. HP: 14/27 MP: 5/8
  1351 | D:2      | Reached XP level 5. HP: 28/31 MP: 7/9
  1426 | D:2      | Noticed a sky beast
  1455 | D:2      | Slain by a sky beast

Illustrated notes

Levels and vault maps discovered:
D:1:      arrival_zaba_pyramid, layout_loops_corners, hangedman_decor_points
D:2:      cheibrodos_pilgrimage, layout_loops_ring

Skill      XL: |  1  2  3  4 |
---------------+-------------+-----
Earth Magic    | 4 |  4.8
Spellcasting   | 3 |  3.1
Dodging        | |  2.0
Stealth        | |  2.6
Transmutations | |  1.0

Action                   |  1- 3 |  4- 6 || total
-------------------------+-------+-------++-------
 Cast: Sandblast         |    28 |    13 ||    41
Armor: Skin              |     1 |     1 ||     2
Dodge: Dodged            |     1 |       ||     1

Table legend: (Time is in decaauts)
 A = Elapsed time spent in this place.
 B = Non-inter-level travel time spent in this place.
 C = Inter-level travel time spent in this place.
 D = Time resting spent in this place.
 E = Time spent auto-exploring this place.
 F = Levels seen in this place.
 G = Mean time per level.
                   A        B        C        D        E       F      G
               +--------+--------+--------+--------+--------+-----+--------+
         Total |   1454 |   1412 |     42 |     52 |   1169 |   2 |  727.0 |
       Dungeon |   1454 |   1412 |     42 |     52 |   1169 |   2 |  727.0 |
               +--------+--------+--------+--------+--------+-----+--------+

Top non-repeatable levels by time:
     D:1: 1019 daAuts
     D:2: 435 daAuts
